General information
			
			
        
        - name: BNet
 
        - type: Ladder team game (AT/RT)
 
        - host: Battle.net
 
        - saver: Mata.
 
        
map: GolemsInTheMist 
        - players: 8
 
        - length: 26:07
 
        - speed: Fast
 - version: 1.21 W3XP
 - replay type:  

 
» download(240 KB)
Players
        team 1 (winner) 
              
              
BEAR_AND (
blue | 96 APM | 2515 actions | 26:07)
              
 2 Archmage 
 1 Blizzard
 1 Brilliance Aura
 2 Mountain King 
 1 Storm Bolt
 1 Bash
 2 Paladin 
 1 Holy Light
 1 Divine Shield
 
                » actions 
                
                | Assign group hotkey | 6 |  | 
| Basic commands | 1 |  | 
| Build / train | 96 |  | 
| Enter build submenu | 57 |  | 
| Enter hero's abilities submenu | 7 |  | 
| Give item / drop item | 9 |  | 
| Right click | 1664 |  | 
| Select / deselect | 267 |  | 
| Select group hotkey | 251 |  | 
| Use ability | 157 |  | 
                2515 total
 » units 
                » upgrades
                
                | Masonry | 3 |  | 
| Lumber Harvesting | 2 |  | 
| Magic Sentry | 1 |  | 
| Backpack | 1 |  | 
                7 total
 » buildings
                
                | Altar of Kings | 2 |  | 
| Farm | 7 |  | 
| Lumber Mill | 1 |  | 
| Scout Tower | 53 |  | 
| Guard Tower | 37 |  | 
| Keep | 2 |  | 
| Arcane Vault | 1 |  | 
| Blacksmith | 1 |  | 
| Castle | 1 |  | 
| Arcane Sanctum | 1 |  | 
| Town Hall | 1 |  | 
                107 total
 » build order
                00:13 Altar of Kings
00:15 Farm
00:42 Lumber Mill
01:00 Scout Tower
01:11 Scout Tower
01:45 Scout Tower
01:59 Scout Tower
02:02 Guard Tower
02:02 Guard Tower
02:25 Guard Tower
02:25 Guard Tower
02:26 Guard Tower
02:41 Guard Tower
03:14 Scout Tower
03:15 Scout Tower
03:17 Scout Tower
03:30 Farm
03:40 Scout Tower
03:42 Scout Tower
03:42 Guard Tower
03:44 Scout Tower
04:02 Guard Tower
04:10 Guard Tower
04:11 Scout Tower
05:02 Guard Tower
05:14 Keep
05:16 Farm
05:17 Farm
05:20 Arcane Vault
05:47 Scout Tower
05:48 Scout Tower
05:49 Scout Tower
05:59 Blacksmith
06:17 Guard Tower
06:18 Guard Tower
06:20 Guard Tower
06:23 Scout Tower
06:37 Scout Tower
06:38 Scout Tower
06:39 Scout Tower
06:40 Scout Tower
06:42 Scout Tower
06:55 Altar of Kings
07:14 Guard Tower
07:19 Scout Tower
07:20 Guard Tower
07:43 Castle
08:04 Guard Tower
08:06 Guard Tower
08:23 Scout Tower
08:27 Scout Tower
08:28 Scout Tower
08:35 Farm
08:37 Farm
08:38 Farm
09:05 Guard Tower
09:07 Scout Tower
09:08 Scout Tower
09:08 Scout Tower
09:12 Scout Tower
09:13 Scout Tower
09:14 Scout Tower
09:15 Scout Tower
09:37 Guard Tower
09:49 Guard Tower
10:02 Guard Tower
10:04 Scout Tower
10:17 Guard Tower
10:40 Guard Tower
10:42 Guard Tower
11:18 Guard Tower
11:39 Scout Tower
11:40 Scout Tower
11:41 Scout Tower
11:42 Scout Tower
12:23 Scout Tower
12:23 Scout Tower
12:24 Scout Tower
13:38 Guard Tower
13:38 Scout Tower
13:39 Scout Tower
13:39 Scout Tower
13:46 Scout Tower
13:47 Scout Tower
14:52 Guard Tower
14:55 Scout Tower
14:56 Scout Tower
14:58 Scout Tower
14:58 Scout Tower
15:15 Arcane Sanctum
15:22 Guard Tower
16:07 Guard Tower
16:10 Guard Tower
16:29 Guard Tower
16:47 Guard Tower
16:57 Guard Tower
20:16 Scout Tower
20:16 Scout Tower
20:17 Scout Tower
21:17 Guard Tower
22:06 Town Hall
22:21 Guard Tower
23:15 Guard Tower
23:17 Scout Tower
23:19 Scout Tower
24:07 Guard Tower
» items
                
                | Healing Salve | 4 |  | 
| Lesser Clarity Potion | 13 |  | 
| Orb of Lightning | 2 |  | 
| Staff of Sanctuary | 3 |  | 
| Potion of Mana | 1 |  | 
                23 total
  
               
              
              
bLinn (
purple | 122 APM | 3175 actions | 26:07)
              
 6 Far Seer 
 3 Feral Spirit
 2 Chain Lighting
 1 Earth Quake
 
                » actions 
                
                | Assign group hotkey | 199 |  | 
| Basic commands | 7 |  | 
| Build / train | 78 |  | 
| ESC pressed | 3 |  | 
| Enter build submenu | 49 |  | 
| Enter hero's abilities submenu | 6 |  | 
| Remove unit from queue | 2 |  | 
| Right click | 1900 |  | 
| Select / deselect | 321 |  | 
| Select group hotkey | 500 |  | 
| Use ability | 110 |  | 
                3175 total
 » units 
                
                | Peon | 19 |  | 
| Troll Batrider | 7 |  | 
| Wind Rider | 14 |  | 
                40 total
 » upgrades
                
                | Spiked Barricades | 2 |  | 
| Liquid Fire | 1 |  | 
| Reinforced Defenses | 1 |  | 
| Envenomed Spears | 1 |  | 
| Ranged Weapons | 2 |  | 
| Armor | 2 |  | 
                9 total
 » buildings
                
                | War Mill | 1 |  | 
| Orc Burrow | 4 |  | 
| Altar of Storms | 1 |  | 
| Watch Tower | 37 |  | 
| Stronghold | 3 |  | 
| Voodoo Lounge | 1 |  | 
| Beastiary | 2 |  | 
| Fortress | 4 |  | 
| Great Hall | 1 |  | 
                54 total
 » build order
                00:04 War Mill
00:15 Orc Burrow
00:45 Altar of Storms
02:10 Watch Tower
02:12 Watch Tower
02:24 Orc Burrow
02:56 Watch Tower
03:13 Watch Tower
04:04 Stronghold
04:04 Stronghold
04:06 Watch Tower
04:08 Watch Tower
04:21 Watch Tower
05:16 Voodoo Lounge
05:19 Watch Tower
05:41 Orc Burrow
06:23 Watch Tower
06:24 Watch Tower
06:27 Watch Tower
06:54 Beastiary
06:55 Beastiary
07:35 Watch Tower
07:52 Watch Tower
07:53 Watch Tower
07:56 Watch Tower
08:00 Orc Burrow
09:02 Watch Tower
09:03 Watch Tower
09:07 Fortress
09:07 Fortress
09:08 Fortress
09:08 Fortress
10:31 Watch Tower
10:32 Watch Tower
12:04 Watch Tower
12:06 Watch Tower
12:48 Watch Tower
14:07 Watch Tower
14:09 Watch Tower
14:10 Watch Tower
17:08 Watch Tower
18:01 Watch Tower
18:03 Watch Tower
19:37 Great Hall
20:28 Watch Tower
20:29 Watch Tower
23:04 Watch Tower
23:05 Watch Tower
23:06 Watch Tower
23:07 Watch Tower
23:08 Watch Tower
23:09 Watch Tower
23:10 Watch Tower
» items
                
                | Healing Salve | 1 |  | 
| Lesser Clarity Potion | 1 |  | 
| Potion of Healing | 1 |  | 
                3 total
  
               
              
              
» 
dirtmcwordUP (
green | 74 APM | 1922 actions | 26:07)
              
 6 Demon Hunter 
 3 Mana Burn
 2 Evasion
 1 Metamorphosis
 
                » actions 
                
                | Assign group hotkey | 7 |  | 
| Basic commands | 21 |  | 
| Build / train | 50 |  | 
| Enter build submenu | 26 |  | 
| Enter hero's abilities submenu | 6 |  | 
| Right click | 1079 |  | 
| Select / deselect | 181 |  | 
| Select group hotkey | 438 |  | 
| Use ability | 114 |  | 
                1922 total
 » units 
                » upgrades
                
                | Ultravision | 1 |  | 
| Nature's Blessing | 1 |  | 
| Well Spring | 1 |  | 
| Strength of the Wild | 2 |  | 
| Corrosive Breath | 1 |  | 
| Reinforced Hides | 1 |  | 
                7 total
 » buildings
                
                | Altar of Elders | 1 |  | 
| Moon Well | 20 |  | 
| Tree of Ages | 1 |  | 
| Hunter's Hall | 1 |  | 
| Tree of Life | 4 |  | 
| Ancient of Wonders | 1 |  | 
| Tree of Eternity | 1 |  | 
| Ancient of Wind | 1 |  | 
| Chimaera Roost | 2 |  | 
                32 total
 » build order
                00:48 Altar of Elders
00:51 Moon Well
02:07 Moon Well
03:02 Moon Well
04:56 Tree of Ages
05:35 Moon Well
05:36 Moon Well
05:41 Moon Well
05:41 Moon Well
05:42 Moon Well
05:46 Moon Well
05:46 Moon Well
05:47 Moon Well
05:49 Moon Well
05:50 Moon Well
06:33 Hunter's Hall
06:35 Moon Well
07:23 Tree of Life
07:41 Tree of Life
09:01 Ancient of Wonders
09:03 Moon Well
09:24 Tree of Eternity
09:45 Ancient of Wind
10:12 Moon Well
10:17 Moon Well
12:17 Chimaera Roost
12:18 Chimaera Roost
13:40 Moon Well
14:54 Moon Well
14:57 Moon Well
16:27 Tree of Life
23:20 Tree of Life
» items
                
                | Orb of Venom | 1 |  | 
| Potion of Healing | 1 |  | 
| Anti-magic Potion | 1 |  | 
| Staff of Preservation | 1 |  | 
                4 total
  
               
              
              
Mata. (
teal | 89 APM | 2316 actions | 26:07)
              
 4 Archmage 
 2 Blizzard
 2 Brilliance Aura
 
                » actions 
                
                | Assign group hotkey | 197 |  | 
| Basic commands | 16 |  | 
| Build / train | 199 |  | 
| ESC pressed | 2 |  | 
| Enter build submenu | 77 |  | 
| Enter hero's abilities submenu | 4 |  | 
| Remove unit from queue | 2 |  | 
| Right click | 1083 |  | 
| Select / deselect | 525 |  | 
| Select group hotkey | 4 |  | 
| Use ability | 207 |  | 
                2316 total
 » units 
                » upgrades
                
                | Masonry | 3 |  | 
| Lumber Harvesting | 2 |  | 
                5 total
 » buildings
                
                | Lumber Mill | 1 |  | 
| Farm | 4 |  | 
| Altar of Kings | 2 |  | 
| Scout Tower | 90 |  | 
| Arcane Tower | 2 |  | 
| Guard Tower | 133 |  | 
| Town Hall | 2 |  | 
| Keep | 1 |  | 
| Castle | 1 |  | 
                236 total
 » build order
                00:04 Lumber Mill
00:12 Farm
00:37 Altar of Kings
01:10 Scout Tower
01:13 Scout Tower
01:16 Scout Tower
01:18 Scout Tower
01:38 Arcane Tower
01:40 Arcane Tower
01:50 Scout Tower
01:52 Scout Tower
01:57 Farm
02:18 Guard Tower
02:19 Guard Tower
02:19 Guard Tower
02:19 Guard Tower
02:32 Guard Tower
02:32 Guard Tower
02:42 Guard Tower
02:42 Guard Tower
02:43 Guard Tower
02:43 Guard Tower
02:47 Scout Tower
02:53 Scout Tower
03:17 Guard Tower
03:17 Guard Tower
03:18 Scout Tower
03:33 Guard Tower
03:33 Guard Tower
03:34 Scout Tower
03:35 Scout Tower
03:47 Guard Tower
03:48 Guard Tower
03:48 Scout Tower
04:05 Guard Tower
04:06 Guard Tower
04:16 Guard Tower
04:16 Guard Tower
04:17 Scout Tower
04:19 Scout Tower
04:29 Guard Tower
04:29 Guard Tower
04:35 Scout Tower
04:39 Scout Tower
04:40 Scout Tower
04:51 Guard Tower
04:52 Guard Tower
05:38 Guard Tower
05:39 Guard Tower
05:39 Guard Tower
05:40 Guard Tower
06:02 Scout Tower
06:03 Scout Tower
06:04 Scout Tower
06:19 Scout Tower
06:20 Scout Tower
06:24 Scout Tower
06:26 Scout Tower
06:32 Guard Tower
06:33 Guard Tower
06:48 Guard Tower
06:48 Guard Tower
06:49 Guard Tower
06:50 Guard Tower
06:55 Guard Tower
07:19 Guard Tower
07:19 Guard Tower
07:19 Guard Tower
07:20 Guard Tower
07:37 Guard Tower
08:18 Scout Tower
08:23 Scout Tower
08:24 Scout Tower
08:51 Guard Tower
08:52 Guard Tower
08:53 Scout Tower
08:53 Scout Tower
08:55 Scout Tower
08:56 Scout Tower
09:41 Guard Tower
09:47 Guard Tower
09:47 Guard Tower
10:11 Scout Tower
10:43 Farm
10:53 Scout Tower
10:53 Scout Tower
11:23 Scout Tower
11:24 Scout Tower
12:01 Guard Tower
12:05 Town Hall
12:16 Scout Tower
12:16 Scout Tower
12:46 Guard Tower
12:46 Guard Tower
12:49 Guard Tower
12:49 Guard Tower
13:04 Guard Tower
13:25 Guard Tower
13:25 Guard Tower
13:57 Scout Tower
13:58 Scout Tower
13:58 Scout Tower
14:00 Scout Tower
14:00 Scout Tower
14:39 Guard Tower
14:40 Guard Tower
14:40 Guard Tower
14:42 Scout Tower
14:43 Scout Tower
14:45 Keep
14:51 Scout Tower
15:02 Guard Tower
15:03 Guard Tower
15:04 Scout Tower
15:14 Guard Tower
15:15 Guard Tower
15:27 Guard Tower
15:41 Guard Tower
15:44 Guard Tower
16:03 Scout Tower
16:04 Scout Tower
16:05 Scout Tower
16:46 Altar of Kings
16:58 Scout Tower
16:59 Scout Tower
17:00 Scout Tower
17:11 Scout Tower
17:12 Scout Tower
17:16 Farm
17:33 Guard Tower
17:52 Guard Tower
17:54 Scout Tower
17:55 Scout Tower
17:56 Scout Tower
17:57 Scout Tower
18:07 Castle
18:24 Guard Tower
18:24 Guard Tower
18:26 Guard Tower
18:26 Guard Tower
18:30 Guard Tower
18:31 Guard Tower
18:31 Guard Tower
20:32 Scout Tower
20:33 Scout Tower
20:34 Scout Tower
20:35 Scout Tower
20:38 Scout Tower
20:38 Scout Tower
20:57 Scout Tower
20:59 Scout Tower
20:59 Guard Tower
21:00 Guard Tower
21:03 Guard Tower
21:03 Guard Tower
21:03 Guard Tower
21:04 Guard Tower
21:07 Guard Tower
21:07 Guard Tower
21:08 Guard Tower
21:09 Scout Tower
21:11 Scout Tower
21:12 Scout Tower
21:36 Guard Tower
21:52 Guard Tower
21:52 Guard Tower
21:53 Guard Tower
21:55 Scout Tower
21:56 Scout Tower
22:08 Guard Tower
22:23 Scout Tower
22:24 Scout Tower
22:25 Scout Tower
22:26 Scout Tower
22:27 Guard Tower
22:28 Guard Tower
22:31 Scout Tower
22:45 Town Hall
22:46 Scout Tower
22:47 Scout Tower
22:48 Scout Tower
22:49 Scout Tower
22:50 Scout Tower
22:51 Scout Tower
22:51 Scout Tower
22:57 Scout Tower
23:00 Guard Tower
23:00 Guard Tower
23:01 Guard Tower
23:14 Scout Tower
23:15 Scout Tower
23:19 Scout Tower
23:22 Guard Tower
23:22 Guard Tower
23:23 Guard Tower
23:23 Guard Tower
23:24 Guard Tower
24:10 Guard Tower
24:11 Guard Tower
24:11 Scout Tower
24:12 Scout Tower
25:08 Guard Tower
 
               team 2 (loser) 
              
              
Carecraft (
pink | 42 APM | 1072 actions | 25:15)
              
 3 Priestess of the Moon 
 1 Searing Arrows
 2 Trueshot Aura
 1 Keeper of the Grove 
 1 Entangling Roots
 
                » actions 
                
                | Assign group hotkey | 10 |  | 
| Basic commands | 19 |  | 
| Build / train | 80 |  | 
| Enter build submenu | 21 |  | 
| Enter hero's abilities submenu | 4 |  | 
| Give item / drop item | 1 |  | 
| Remove unit from queue | 10 |  | 
| Right click | 551 |  | 
| Select / deselect | 313 |  | 
| Select group hotkey | 19 |  | 
| Use ability | 44 |  | 
                1072 total
 » units 
                
                | Wisp | 13 |  | 
| Archer | 8 |  | 
| Glaive Thrower | 22 |  | 
| Hippogryph | 6 |  | 
| Dryad | 3 |  | 
                52 total
 » upgrades
                
                | Vorpal Blades | 1 |  | 
| Hippogryph Taming | 1 |  | 
| Improved Bows | 1 |  | 
| Ultravision | 1 |  | 
| Abolish Magic | 1 |  | 
| Well Spring | 1 |  | 
                6 total
 » buildings
                
                | Altar of Elders | 1 |  | 
| Moon Well | 7 |  | 
| Ancient of War | 1 |  | 
| Hunter's Hall | 1 |  | 
| Tree of Ages | 1 |  | 
| Ancient Protector | 4 |  | 
| Ancient of Wind | 1 |  | 
| Ancient of Lore | 1 |  | 
| Tree of Eternity | 1 |  | 
                18 total
 » build order
                00:23 Altar of Elders
00:35 Moon Well
00:47 Ancient of War
01:38 Moon Well
02:34 Moon Well
03:21 Hunter's Hall
03:59 Tree of Ages
04:57 Ancient Protector
05:01 Ancient Protector
09:15 Ancient of Wind
09:27 Moon Well
09:30 Moon Well
13:35 Ancient of Lore
14:18 Tree of Eternity
18:08 Moon Well
18:12 Ancient Protector
18:17 Moon Well
18:29 Ancient Protector
 
               
              
              
» 
LetsFarmRush (
orange | 60 APM | 1514 actions | 25:06)
              
 2 Archmage 
 1 Blizzard
 1 Brilliance Aura
 4 Blood Mage 
 2 Flame Strike
 2 Siphon Mana
 1 Paladin 
 1 Holy Light
 
                » actions 
                
                | Assign group hotkey | 33 |  | 
| Basic commands | 2 |  | 
| Build / train | 88 |  | 
| Enter build submenu | 29 |  | 
| Enter hero's abilities submenu | 7 |  | 
| Give item / drop item | 11 |  | 
| Remove unit from queue | 2 |  | 
| Right click | 681 |  | 
| Select / deselect | 533 |  | 
| Select group hotkey | 22 |  | 
| Use ability | 106 |  | 
                1514 total
 » units 
                
                | Peasant | 30 |  | 
| Footman | 10 |  | 
| Mortar Team | 5 |  | 
| Siege Engine | 6 |  | 
| Dragonhawk Rider | 6 |  | 
                57 total
 » upgrades
                
                | Flare | 1 |  | 
| Barrage | 1 |  | 
| Fragmentation Shards | 1 |  | 
| Gunpowder | 3 |  | 
| Plating | 2 |  | 
| Cloud | 1 |  | 
                9 total
 » buildings
                
                | Altar of Kings | 1 |  | 
| Barracks | 1 |  | 
| Farm | 18 |  | 
| Keep | 1 |  | 
| Town Hall | 1 |  | 
| Lumber Mill | 1 |  | 
| Arcane Vault | 1 |  | 
| Blacksmith | 2 |  | 
| Workshop | 2 |  | 
| Castle | 1 |  | 
| Gryphon Aviary | 2 |  | 
                31 total
 » build order
                00:09 Altar of Kings
00:21 Barracks
00:37 Farm
00:52 Farm
01:33 Farm
02:31 Farm
04:00 Keep
04:19 Town Hall
04:44 Lumber Mill
06:18 Arcane Vault
06:22 Farm
06:26 Blacksmith
07:46 Workshop
07:55 Workshop
08:00 Farm
09:44 Castle
10:45 Farm
10:46 Farm
15:23 Blacksmith
16:57 Gryphon Aviary
17:01 Gryphon Aviary
20:33 Farm
20:35 Farm
20:35 Farm
20:37 Farm
20:40 Farm
20:41 Farm
20:42 Farm
20:43 Farm
20:44 Farm
20:44 Farm
» items
                
                | Scroll of Regeneration | 2 |  | 
| Scroll of Town Portal | 1 |  | 
| Lesser Clarity Potion | 3 |  | 
| Potion of Healing | 1 |  | 
| Staff of Sanctuary | 1 |  | 
                8 total
  
               
              
              
» 
Okal (
yellow | 48 APM | 1263 actions | 26:06)
              
 4 Death Knight 
 2 Death Coil
 2 Unholy Aura
 
                » actions 
                
                | Basic commands | 16 |  | 
| Build / train | 40 |  | 
| Enter build submenu | 15 |  | 
| Enter hero's abilities submenu | 4 |  | 
| Right click | 869 |  | 
| Select / deselect | 281 |  | 
| Use ability | 38 |  | 
                1263 total
 » units 
                
                | Acolyte | 2 |  | 
| Ghoul | 4 |  | 
| Crypt Fiend | 12 |  | 
| Meatwagon | 6 |  | 
| Obsidian Statue | 2 |  | 
                26 total
 » upgrades
                » buildings
                
                | Altar of Darkness | 1 |  | 
| Ziggurat | 7 |  | 
| Crypt | 1 |  | 
| Nerubian Tower | 1 |  | 
| Graveyard | 2 |  | 
| Halls of the Dead | 1 |  | 
| Tomb of Relics | 1 |  | 
| Spirit Tower | 1 |  | 
| Slaughterhouse | 2 |  | 
                17 total
 » build order
                00:30 Altar of Darkness
00:33 Ziggurat
00:47 Crypt
01:54 Nerubian Tower
02:02 Graveyard
02:37 Graveyard
03:33 Halls of the Dead
03:58 Ziggurat
04:07 Tomb of Relics
05:12 Spirit Tower
06:06 Slaughterhouse
06:09 Slaughterhouse
06:30 Ziggurat
06:35 Ziggurat
08:13 Ziggurat
12:09 Ziggurat
16:06 Ziggurat
» items
                
                | Rod of Necromancy | 1 |  | 
| Potion of Healing | 3 |  | 
| Scroll of Town Portal | 1 |  | 
                5 total
  
               
              
              
zageone (
red | 60 APM | 1426 actions | 23:49)
              
 3 Death Knight 
 2 Death Coil
 1 Unholy Aura
 
                » actions 
                
                | Basic commands | 26 |  | 
| Build / train | 44 |  | 
| Enter build submenu | 25 |  | 
| Enter hero's abilities submenu | 3 |  | 
| Remove unit from queue | 2 |  | 
| Right click | 891 |  | 
| Select / deselect | 401 |  | 
| Use ability | 34 |  | 
                1426 total
 » units 
                
                | Acolyte | 5 |  | 
| Ghoul | 4 |  | 
| Crypt Fiend | 5 |  | 
| Goblin Zeppelin | 1 |  | 
| Meatwagon | 8 |  | 
| Frost Wyrm | 6 |  | 
                29 total
 » upgrades
                
                | Exhume Corpses | 1 |  | 
| Freezing Breath | 1 |  | 
                2 total
 » buildings
                
                | Crypt | 1 |  | 
| Ziggurat | 8 |  | 
| Graveyard | 1 |  | 
| Altar of Darkness | 1 |  | 
| Spirit Tower | 3 |  | 
| Nerubian Tower | 2 |  | 
| Halls of the Dead | 1 |  | 
| Tomb of Relics | 1 |  | 
| Black Citadel | 1 |  | 
| Slaughterhouse | 1 |  | 
| Sacrificial Pit | 1 |  | 
| Boneyard | 2 |  | 
                23 total
 » build order
                00:04 Crypt
00:10 Ziggurat
00:48 Graveyard
01:05 Altar of Darkness
01:58 Ziggurat
03:41 Spirit Tower
03:42 Nerubian Tower
05:06 Halls of the Dead
05:27 Ziggurat
06:20 Tomb of Relics
07:50 Spirit Tower
08:04 Black Citadel
08:09 Slaughterhouse
08:42 Sacrificial Pit
11:23 Boneyard
14:19 Boneyard
15:02 Ziggurat
15:14 Ziggurat
15:18 Ziggurat
16:25 Nerubian Tower
19:34 Ziggurat
19:37 Ziggurat
20:34 Spirit Tower
 
                Chat log
          (00:14 / Allies) Mata.: feed me
(00:18 / Allies) Mata.: i take those 2
(00:25 / All) dirtmcwordUP: hlello and have a fun and enjoyable and relxqable game hahah ehehe lol
(00:32 / All) Carecraft: k
(00:37 / All) Carecraft: Chill brah
(00:40 / All) dirtmcwordUP: huh
(00:42 / All) LetsFarmRush: WOAH CALM THE FUCK DOWN BRAH
(00:44 / All) LetsFarmRush: FUCKING FAGGOT
(00:45 / All) dirtmcwordUP: jij
(00:48 / All) LetsFarmRush: CALIFORNIA JEW
(00:49 / All) dirtmcwordUP: ll
(00:52 / All) dirtmcwordUP: lol
(00:54 / All) Carecraft: Calm down brah
(00:55 / All) BEAR_AND: what is wrong with you
(01:01 / All) LetsFarmRush: WHA TTHE FUCK IS WRONG WITH YOU BRAH
(01:01 / All) dirtmcwordUP: u guys some kind of "bro" circlejerk hahaha
(01:02 / All) LetsFarmRush: SHIT
(01:04 / All) LetsFarmRush: SHUT THE FUCK UP
(01:06 / All) dirtmcwordUP: fuckin fagos
(01:07 / Allies) Mata.: yes
(01:09 / Allies) Mata.: that's why i pinged
(01:10 / All) LetsFarmRush: fagos?
(01:11 / All) LetsFarmRush: nice english
(01:12 / All) LetsFarmRush: dick
(01:22 / All) dirtmcwordUP: ok "bro" hahaha fuckn faygos
(01:30 / All) LetsFarmRush: YOU'RE SO GAY GO KILL YOURSELF
(01:32 / Allies) Mata.: need gold
(01:46 / All) LetsFarmRush: GOLEMS IN THE MIST
(02:03 / Allies) Mata.: need lumber
(02:17 / Allies) Mata.: haha why even tower you know
(02:23 / Allies) Mata.: just send some dudes along at tier 3
(02:27 / Allies) Mata.: my namea blinn
(03:05 / Allies) Mata.: i almoset forgotta
(03:06 / Allies) Mata.: as wella
(03:07 / All) dirtmcwordUP: im gonna open crack yur head like a nut
(03:21 / Allies) Mata.: too latea
(03:47 / All) dirtmcwordUP: gonna make u choke on my dick and call me susey
(03:51 / Allies) Mata.: damn
(04:04 / All) Carecraft: I'ma put my dick on yo fo-hed son
(04:15 / Allies) Mata.: need slumber
(04:30 / All) LetsFarmRush: woah
(04:36 / All) LetsFarmRush: where are those towers going
(05:22 / All) dirtmcwordUP: nice micro NOT
(05:33 / All) zageone: nice dick
(05:33 / All) Carecraft: Yeah, I'm bad.
(05:35 / All) zageone: NOT
(06:27 / Allies) Mata.: need gold
(07:02 / Allies) Mata.: now i need the lumber eh
(07:12 / Allies) Mata.: that's pointless
(07:14 / Allies) Mata.: can't go all the way anyway
(08:06 / Allies) Mata.: needa helpa timg
(08:14 / Allies) Mata.: creepa
(08:47 / Allies) Mata.: LOL!
(09:26 / Allies) Mata.: he has moto
(13:19 / Allies) Mata.: cant root it
(13:37 / Allies) Mata.: nice
(14:12 / Allies) Mata.: i'll woyk on it
(15:09 / Allies) Mata.: tank's
(16:11 / Allies) Mata.: timbo expando
(16:19 / Allies) Mata.: we gott bott
(16:42 / Allies) Mata.: yellow tped down
(17:05 / Allies) Mata.: we have no heroes down here
(17:07 / Allies) Mata.: he could push hard
(17:22 / Allies) Mata.: hit top or sometheng
(19:48 / Allies) Mata.: pleaze do
(19:56 / Allies) Mata.: i yam tied up
(20:03 / Allies) Mata.: no can do
(20:08 / Allies) Mata.: ud is there
(20:12 / Allies) Mata.: if top makes ud tp then
(20:22 / Allies) Mata.: ok towering
(20:56 / All) zageone: this is fucking boring
(20:59 / All) Mata.: gg
(21:00 / All) dirtmcwordUP: ur bad qui
(21:01 / All) dirtmcwordUP: quit
(21:03 / All) dirtmcwordUP: hahahahahah
(21:13 / All) zageone: ok
(21:18 / All) dirtmcwordUP: buy
(21:21 / All) dirtmcwordUP: bro
(21:21 / All) Carecraft: Typing 101 ===>
(21:22 / All) dirtmcwordUP: hahahahhahaha
(21:27 / Allies) Mata.: need aa
(22:01 / Allies) Mata.: its fine
(22:03 / All) dirtmcwordUP: gg leave
(22:04 / Allies) Mata.: no cloud we win
(22:08 / All) Carecraft: gg care
(22:13 / All) Mata.: lmao
(22:14 / All) BEAR_AND: lmao
(22:16 / All) BEAR_AND: LMAO
(22:18 / All) BEAR_AND: bye
(22:22 / All) dirtmcwordUP: u guys suck end of story period.
(22:27 / All) zageone: k
(22:28 / All) LetsFarmRush: end of story
(22:28 / All) Carecraft: We're the scrubs massing towers?
(22:29 / All) LetsFarmRush: period.
(22:30 / All) BEAR_AND: farewell
(22:31 / All) Carecraft: O WAIT KEKEKEK
(22:32 / All) BEAR_AND: you lose
(22:33 / All) zageone: too easy
(22:34 / All) LetsFarmRush: fAGGOT LEARN TO ENGLISH
(22:34 / All) dirtmcwordUP: no you're the scrubs losing hahha
(22:35 / All) BEAR_AND: giant noobies
(22:35 / All) LetsFarmRush: CHRIST
(22:37 / All) zageone: u a good troll
(22:45 / All) BEAR_AND: 1v1?
(22:50 / All) LetsFarmRush: excuse me?
(22:55 / All) zageone: Troll
(23:01 / All) BEAR_AND: would you like to test our skills in a 1v1?
(23:14 / All) LetsFarmRush: sure
(23:15 / All) Carecraft: YOu mean, Test your LOLMORETOWERS 1v1?
(23:16 / All) LetsFarmRush: i would
(23:26 / All) dirtmcwordUP: 1v1, i will make 0 towers
(23:54 / Allies) Mata.: you all said i was crazy when i suggested towering this
(24:00 / All) dirtmcwordUP: make like a tree and gtfo noobs
(24:03 / Allies) Mata.: now i think this is as far out as you can get on this map without tower rushing
(24:37 / All) dirtmcwordUP: go on, git
(25:02 / All) LetsFarmRush: channel zuluhed after for 1v1
(25:05 / All) BEAR_AND: ok
(25:09 / All) Carecraft: gg
(25:13 / All) dirtmcwordUP: you guys suck adios.
(25:13 / All) BEAR_AND: bye
(25:15 / All) BEAR_AND: horible
(25:16 / All) BEAR_AND: i win
(25:19 / All) BEAR_AND: you fucking filth
(25:21 / All) dirtmcwordUP: hahahahhahahaha
(25:33 / Allies) Mata.: :T
(25:45 / All) BEAR_AND: bye
(25:48 / All) BEAR_AND: no gold for u